 Dungeon Crawl Stone Soup version bcrawl-1.21.3-2-g9d8a61a446 (webtiles) character file.

Game seed: 9790441529847716127

3666 Dyss the Destroyer (level 10, -2/54 (56) HPs)
             Began as an Avariel Fire Elementalist on Apr 22, 2020.
             Was a Follower of Sif Muna.
             Slain by a wyvern (17 damage)
             ... on level 8 of the Dungeon.
             The game lasted 00:37:26 (11011 turns).

Dyss the Destroyer (Avariel Fire Elementalist)     Turns: 11011, Time: 00:37:26

HP:   -2/54 (56)    AC:  2    Str:  6    XL:     10   Next: 12%
MP:   15/23         EV: 17    Int: 25    God:    Sif Muna [*.....]
Gold: 601           SH:  0    Dex: 13    Spells: 9/24 levels left

rFire    + . .     SeeInvis .   x - staff of air
rCold    + . .     Gourm    .   (no shield)
rNeg     . . .     Faith    .   a - +0 robe
rPois    .         Spirit   .   (no helmet)
rElec    +         Reflect  .   (no cloak)
rCorr    .         Harm     .   (no gloves)
MR       +....                  (no boots)
Stlth    ++........             (no amulet)
HPRegen  0.18/turn              k - ring of protection from cold
MPRegen  0.18/turn              i - ring of protection from fire

@: flying quickly and evasively, divine energy, quick
A: able to fly
a: Stop Flying, Stop Divine Energy, Renounce Religion


You were on level 8 of the Dungeon.
You worshipped Sif Muna.
Sif Muna was aware of your devotion.
You were not hungry.

You visited 2 branches of the dungeon, and saw 9 of its levels.

You collected 601 gold pieces.

Inventory:

Hand Weapons
 v - a +0 shortbow
Missiles
 c - 2046 stones
 o - 383 sling bullets
 r - 57 javelins of penetration (quivered)
 w - 446 arrows
Armour
 a - a +0 robe (worn)
Magical Staves
 x - an uncursed staff of air (weapon)
Jewellery
 i - a ring of protection from fire (right hand)
 k - a ring of protection from cold (left hand)
Wands
 m - a wand of paralysis (3)
 q - a wand of polymorph (13)
 s - a wand of disintegration (14)
Scrolls
 d - a scroll of enchant armour {unknown}
 f - 4 scrolls of identify
 l - 3 scrolls of remove curse
 p - 2 scrolls of magic mapping {unknown}
 t - a scroll of noise {unknown}
 u - 2 scrolls of immolation {unknown}
Potions
 b - a potion of curing
 g - 4 potions of might
 h - 2 potions of berserk rage {unknown}
 j - 2 potions of mutation
 n - a potion of brilliance {unknown}
Comestibles
 e - 15 rations {!d}


   Skills:
 - Level 4.1 Fighting
 - Level 3.0 Throwing
 - Level 5.1 Dodging
 - Level 2.1 Stealth
 + Level 7.6 Spellcasting
 + Level 9.2 Conjurations
 - Level 2.2 Hexes
 - Level 3.2 Charms
 + Level 7.9 Fire Magic
 + Level 2.6 Invocations
 + Level 0.7 Evocations


You had 9 spell levels left.
You knew the following spells:

 Your Spells              Type           Power        Failure   Level  Hunger
a - Flame Tongue          Conj/Fire      #####        1%          1    None
b - Flaming Arrows        Chrm/Fire      #####...     1%          2    None
c - Sticky Flame          Conj/Fire      ######..     1%          4    ##.....
d - Inner Flame           Hex/Fire       N/A          2%          3    None
e - Fireball              Conj/Fire      ######....   4%          5    #####..

Your spell library contained the following spells:

 Spells                   Type           Power        Failure   Level  Hunger
 Searing Ray              Conj           ######..     1%          2    None
 Conjure Flame            Conj/Fire      ######..     1%          3    None
 Iskenderun's Mystic Bla  Conj           ######..     1%          3    None
 Corona                   Hex            ###....      2%          1    None
 False Image              Hex/Summ       ###.....     12%         3    None
 Bolt of Fire             Conj/Fire      ######....   28%         6    ######.
 Bolt of Cold             Conj/Ice       ####......   82%         6    ######.
 Iron Shot                Conj/Erth      ####......   82%         6    ######.
 Infestation              Hex/Tmut/Pois  ##.......    100%        6    ######.


Dungeon Overview and Level Annotations

Branches:
Dungeon (8/12)             Temple (1/1) D:7
   Lair: D:7-9          Orc: D:8-11

Altars:
Ashenzari
Cheibriados
Dithmenos
Elyvilon
Fedhas
Gozag
Hepliaklqana
Lugonu
Makhleb
Nemelex Xobeh
Okawaru
Ru
Sif Muna
Trog
Uskayaw
Vehumet
Wu Jian
Xom
Yredelemnul
Zin
The Shining One


Innate Abilities, Weirdness & Mutations

You can fly continuously.


Message History

Press: ? - help, Shift-Dir - straight line, f/p - wyvern
Aim: a wyvern (lightly wounded)
The flame tongue misses the wyvern.
The wyvern bites you!
Casting: Flame Tongue (safe; 1% risk of failure)
Confirm with . or Enter, or press ? or * to list all spells.
Aiming: Flame Tongue (safe; 1% risk of failure)
Press: ? - help, Shift-Dir - straight line, f/p - wyvern
Aim: a wyvern (lightly wounded)
Okay, then.
Casting: Flame Tongue (safe; 1% risk of failure)
Confirm with . or Enter, or press ? or * to list all spells.
Aiming: Sticky Flame (safe; 1% risk of failure)
Press: ? - help, Shift-Dir - straight line, f/p - wyvern
Aim: a wyvern (lightly wounded)
The sticky flame hits the wyvern.
The wyvern is moderately wounded.
The wyvern is covered in liquid flames!
The wyvern burns!
The wyvern bites you!
* * * LOW HITPOINT WARNING * * *
The wyvern bites you!
You die...

#.# #.# #. #.#.#.# #.
#.#.#.########. ###.#
...........
...#.#.###.####. #
#..#.#.###.####.
####.####..#.......)†...
....<......###.###.#####
#...l@.......# #.#
.....####.###..# #.# ...
#......# #.# . ...##.##
#.# ###.##.. ... .####
.≈≈ #. ≈≈≈ #


You could see a wyvern (burning).

Vanquished Creatures
  A troll (D:6)
  A slime creature (D:6)
  Sigmund (D:2)
  A spriggan (D:7)
  A crocodile (D:7)
  An orc warrior (D:6)
  2 sky beasts
  A black bear (D:4)
  A necrophage (D:5)
  3 ogres
  A phantom (D:5)
  6 centaurs
  3 bullfrogs
  A wyvern zombie (D:7)
  3 scorpions
  2 jellies
  3 wights (D:6)
  A howler monkey (D:4)
  A centaur zombie (D:7)
  A crimson imp (D:7)
  2 quasits
  A centaur skeleton (D:4)
  2 orc priests
  8 hounds
  Jessica (D:2)
  An iguana (D:5)
  Ijyb (D:3)
  6 worker ants
  A killer bee zombie (D:7)
  A hound skeleton (D:7)
  10 adders
  4 oozes
  An adder zombie (D:7)
  4 adder skeletons
  4 worms
  A dart slug (D:2)
  7 leopard geckos
  16 orcs
  4 giant cockroaches
  11 goblins
  11 hobgoblins
  A jackal (D:2)
  5 quokkas
  3 ball pythons
  5 bats
  7 frilled lizards
  9 kobolds
  6 rats
168 creatures vanquished.

Vanquished Creatures (others)
  A fire vortex (D:6)
1 creature vanquished.

Grand Total: 169 creatures vanquished

Notes
Turn   | Place    | Note
-------+----------+-------------------------------------------
     0 | D:1      | Dyss the Avariel Fire Elementalist began the quest for the
                  | Orb.
     0 | D:1      | Reached XP level 1. HP: 10/10 MP: 6/6
   428 | D:1      | Reached XP level 2. HP: 15/15 MP: 5/7
   500 | D:1      | Reached skill level 2 in Conjurations
   793 | D:1      | Reached skill level 1 in Throwing
   948 | D:1      | Reached XP level 3. HP: 19/19 MP: 7/9
  1248 | D:1      | Learned a level 2 spell: Flaming Arrows
  1928 | D:2      | Noticed Sigmund
  2208 | D:2      | Reached XP level 4. HP: 23/24 MP: 3/11
  2227 | D:2      | Learned a level 4 spell: Sticky Flame
  2544 | D:2      | Killed Sigmund
  2544 | D:2      | Reached skill level 1 in Fighting
  2544 | D:2      | Reached skill level 3 in Conjurations
  2544 | D:2      | Reached skill level 1 in Charms
  2544 | D:2      | Reached XP level 5. HP: 15/29 MP: 0/12
  2903 | D:2      | Reached XP level 6. HP: 33/34 MP: 6/13
  2908 | D:2      | Learned a level 3 spell: Inner Flame
  3072 | D:2      | Noticed Jessica
  3088 | D:2      | Killed Jessica
  4028 | D:3      | Found a shimmering altar of Xom.
  4260 | D:3      | Noticed Ijyb
  4266 | D:3      | Killed Ijyb
  4298 | D:3      | Reached skill level 4 in Conjurations
  4752 | D:4      | Reached XP level 7. HP: 29/39 MP: 3/15
  5348 | D:4      | Found a blossoming altar of Fedhas.
  5357 | D:4      | Reached skill level 5 in Spellcasting
  5357 | D:4      | Reached skill level 5 in Conjurations
  5454 | D:4      | Found a corrupted altar of Lugonu.
  5529 | D:4      | Reached skill level 1 in Hexes
  5541 | D:4      | Reached XP level 8. HP: 25/44 MP: 5/18
  5722 | D:4      | Reached skill level 5 in Fire Magic
  6008 | D:5      | Entered Level 5 of the Dungeon
  6177 | D:5      | Learned a level 5 spell: Fireball
  6448 | D:5      | Reached skill level 6 in Conjurations
  6709 | D:5      | Found a bloodstained altar of Trog.
  7769 | D:6      | Gained mutation: You can fly continuously. [Avariel growth]
  7769 | D:6      | Reached XP level 9. HP: 49/49 MP: 16/20
  7959 | D:6      | Reached skill level 7 in Conjurations
  8176 | D:6      | Found a radiant altar of Vehumet.
  8188 | D:6      | Noticed a troll
  8191 | D:6      | Killed a troll
  8426 | D:6      | Found a sparkling altar of Nemelex Xobeh.
  8494 | D:6      | Reached skill level 5 in Dodging
  8691 | D:7      | Reached skill level 8 in Conjurations
  8904 | D:7      | Found a staircase to the Ecumenical Temple.
  9090 | Temple   | Entered the Ecumenical Temple
  9173 | Temple   | Became a worshipper of Sif Muna the Loreminder
  9669 | D:7      | Reached skill level 1 in Invocations
  9801 | D:7      | Reached XP level 10. HP: 39/54 MP: 8/23
  9801 | D:7      | Reached skill level 9 in Conjurations
 10447 | D:7      | Reached * piety under Sif Muna
 10873 | D:8      | Identified Sif Muna's Grimoire of the Oath and
                  | Confrontation (Sif Muna gifted it to you on level 8 of the
                  | Dungeon)
 10873 | D:8      | Received a gift from Sif Muna
 11011 | D:8      | Slain by a wyvern

Skill      XL: |  1  2  3  4  5  6  7  8  9 10 |
---------------+-------------------------------+-----
Spellcasting   | 3 4 5 6 7 |  7.6
Conjurations   | 2 3 4 5 6 8 9 |  9.2
Throwing       | 1 2 3 |  3.0
Fighting       | 1 2 3 4 |  4.1
Charms         | 1 2 3 |  3.2
Fire Magic     | 4 6 7 |  7.9
Dodging        | 3 4 5 |  5.1
Hexes          | 1 2 |  2.2
Invocations    | 1 2 |  2.6
Stealth        | |  2.1
Evocations     | |  0.7

Action                   |  1- 3 |  4- 6 |  7- 9 | 10-12 || total
-------------------------+-------+-------+-------+-------++-------
Melee: Unarmed           |    13 |    15 |    14 |       ||    42
       Staff             |       |       |       |     2 ||     2
 Fire: Shortbow          |       |       |       |    62 ||    62
Throw: Stone             |    47 |    92 |   173 |       ||   312
       Javelin           |       |       |       |     7 ||     7
 Cast: Flame Tongue      |    55 |    82 |   177 |    22 ||   336
       Flaming Arrows    |     5 |     6 |       |       ||    11
       Sticky Flame      |       |     8 |    19 |     2 ||    29
       Inner Flame       |       |     1 |     2 |     1 ||     4
       Fireball          |       |       |     9 |     2 ||    11
Invok: Divine Energy     |       |       |     1 |       ||     1
 Abil: Fly               |       |       |     1 |       ||     1
  Use: Scroll            |       |     1 |     4 |       ||     5
  Eat: Chunk             |     3 |     9 |    17 |     2 ||    31
       Ration            |       |       |     1 |     1 ||     2
Armor: Robe              |    12 |    19 |    19 |     5 ||    55
Dodge: Dodged            |    41 |    83 |   159 |    53 ||   336
